 Dungeon Sprint DCSS version 0.17-a0-1575-g9a29ec8 (webtiles) character file.

44 nuthulu the Basher (level 7, -2/84 HPs)
             Began as a Troll Berserker on July 26, 2015.
             Was a High Priest of Trog.
             Slain by a hornet (shapeshifter) (13 damage)
             ... while paralysed by a hornet
             ... in the Dungeon (Sprint VI: "Thunderdome").
             The game lasted 00:02:48 (387 turns).

nuthulu the Basher (Troll Berserker)                 Turns: 387, Time: 00:02:48

Health: -2/84      AC:  5    Str: 21    XL:     7   Next: 31%
Magic:  6/6        EV:  1    Int:  8    God:    Trog [*****.]
Gold:   28         SH:  0    Dex: 11    Spells: 0 memorised, 6 levels left

rFire  + + +     SeeInvis +     n - +0 giant spiked club
rCold  . . .     Clarity  .     b - +0 animal skin
rNeg   + + .     SustAt   .     (no shield)
rPois  .         Gourm    +     (helmet restricted)
rElec  .         Spirit   .     (no cloak)
rCorr  .         Warding  .     (gloves unavailable)
rMut   .         NoTele   +     (boots unavailable)
MR     .....                    (no amulet)
Stlth  +.........               q - ring "Jorilog" {rF+ rN+ Int+3}
                                p - ring "Wusuthas" {rF++ rN+ Str-5 Int+2 SInv}

@: paralysed, lethally poisoned (-2 -> -12), slowed, not resistant to hostile
enchantments, very unstealthy
A: unfitting armour, claws 3, fast metabolism 3, gourmand, regeneration 2,
shaggy fur 1, tough skin 2
a: Burn Spellbooks, Berserk, Trog's Hand, Brothers in Arms, Renounce Religion


You were in the Dungeon.
You worshipped Trog.
Trog was extremely pleased with you.
You were not hungry.

You visited 1 branch You collected 280 gold pieces.
You spent 252 gold pieces at shops.

Inventory:

Hand weapons
 a - a +0 mace
 n - a +0 giant spiked club (weapon)
Armour
 b - a +0 animal skin (worn)
Jewellery
 p - the ring "Wusuthas" (left claw) {rF++ rN+ Str-5 Int+2 SInv}
   (You bought it in a shop in the Dungeon)

   [ring of positive energy]

   It affects your strength (-5).
   It affects your intelligence (+2).
   It greatly protects you from fire.
   It protects you from negative energy.
   It lets you see invisible.
 q - the ring "Jorilog" (right claw) {rF+ rN+ Int+3}
   (You bought it in a shop in the Dungeon)

   [ring of protection from fire]

   It affects your intelligence (+3).
   It protects you from fire.
   It protects you from negative energy.
Magical devices
 j - a wand of cold (2)
 k - a wand of fire (4)
Scrolls
 i - 4 scrolls of blinking
 l - 3 scrolls of fog
Potions
 e - 6 potions of heal wounds
 f - 4 potions of haste
 g - 2 potions of magic
 h - a potion of berserk rage
 m - a potion of resistance
Comestibles
 c - 2 bread rations
 o - 4 chunks of flesh


   Skills:
 + Level 9.9 Fighting
 + Level 10.7 Maces & Flails
 - Level 2.4 Dodging


You had 6 spell levels left.
You didn't know any spells.

Dungeon Overview and Level Annotations

Branches:
Dungeon (1/1)

Altars:
Cheibriados
Dithmenos
Fedhas
Gozag
Kikubaaqudgha
Makhleb
Okawaru
Qazlal
Ru
Sif Muna
Trog
Vehumet
Xom
Yredelemnul
Zin
The Shining One
Jiyva
Lugonu

Shops:
D *[%??*?*:[((!!!!


Innate Abilities, Weirdness & Mutations

You are too large for most types of armour.
You have claws for hands.
Your metabolism is lightning-fast.
You like to eat raw meat.
You heal very quickly.
You are covered in fur (AC +1).
You have very tough skin (AC +2).


Message History

You feel as though you will be slow longer.
You can move again.
Unknown command.
Drink which item? (? for menu, Esc to quit)
You feel better.
The hornet stings you but does no damage.
The hornet closely misses you.
You completely miss the hornet.
The hornet is moderately wounded.
The hornet stings you!!
You are poisoned.
You suddenly lose the ability to move!
The hornet stings you!!
* * * LOW HITPOINT WARNING * * *
You are more poisoned.
You feel as though you will be slow longer.
The hornet stings you but does no damage.
* * * LOW HITPOINT WARNING * * *
You feel very sick. The hornet stings you!
You die...

###.........### #⌠...........⌠#
######.8.....÷...8.######
##∩_........###......___∩##
###∩).......8.# #.8........∩###
#.............###.............##
⌠..........###...###..........⌠#
⌠..........# #.<.# #..........⌠#
⌠..........###..@###..........⌠#
#.............###y............##
###∩........8.# #.8........∩###
##∩.__......###......___∩##
######.8.........8.######
#⌠...........⌠# ###.........###
#........_# #_...)..._#


You could see a hornet.

Vanquished Creatures
  A deep elf priest (D)
  A deep elf fighter (D)
  A deep elf mage (D)
  A water moccasin (D)
  5 adders (D)
  4 ball pythons (D)
13 creatures vanquished.

Notes
Turn   | Place    | Note
--------------------------------------------------------------
     0 | D        | nuthulu the Troll Berserker began the quest for the Orb.
     0 | D        | Reached XP level 1. HP: 22/22 MP: 0/0
     2 | D        | Found a sacrificial altar of Ru.
     2 | D        | Found a glowing silver altar of Zin.
     3 | D        | Found an opulent altar of Gozag.
     3 | D        | Found a basalt altar of Yredelemnul.
     4 | D        | Found a snail-covered altar of Cheibriados.
     5 | D        | Found a radiant altar of Vehumet.
     5 | D        | Found Gyawno's Weapon Rack.
     5 | D        | Found Erudd's Premium Goods.
     5 | D        | Round 1.
     6 | D        | Found Ecki Pib's Basic Armour.
     6 | D        | Found Ekhlunum's Miscellaneous Merchandise.
    13 | D        | Bought a +0 giant spiked club for 57 gold pieces
    18 | D        | Found a shadowy altar of Dithmenos.
    19 | D        | Found a bloodstained altar of Trog.
    21 | D        | Found Rimaun's Identification Station.
    21 | D        | Found an ancient bone altar of Kikubaaqudgha.
    21 | D        | Found Kehyez's Bee Food.
    22 | D        | Found Lyecuss's Advanced Armour.
    22 | D        | Found Wakeaqid's Jewellery.
    27 | D        | Reached skill level 3 in Maces & Flails
    30 | D        | Found a stormy altar of Qazlal.
    32 | D        | Found a corrupted altar of Lugonu.
    33 | D        | Found Jyenaj's Magic Scroll Shop.
    34 | D        | Found a glowing golden altar of the Shining One.
    34 | D        | Found an iron altar of Okawaru.
    34 | D        | Found a viscous altar of Jiyva.
    34 | D        | Found Yliqoupt's Staff Store.
    34 | D        | Found Jabu Xepsasi's Magic Scroll Shop.
    34 | D        | Found Seawaria's Must-Have Magic.
    46 | D        | Acquired Trog's second power
    46 | D        | Reached XP level 2. HP: 29/31 MP: 1/1
    65 | D        | Found a deep blue altar of Sif Muna.
    66 | D        | Found a shimmering altar of Xom.
    67 | D        | Found a blossoming altar of Fedhas.
    68 | D        | Found Poarcha's Distillery.
    69 | D        | Found Yresueti's Distillery.
    69 | D        | Found Gideb's Bottled Wisdom.
    70 | D        | Found a burning altar of Makhleb.
    70 | D        | Found Geigumer's Do-It-Yourself Clinic.
   131 | D        | Reached skill level 4 in Maces & Flails
   168 | D        | Arena points: 14 (+14) [x2]
   168 | D        | Reached XP level 3. HP: 18/39 MP: 2/2
   184 | D        | Round 2.
   193 | D        | Bought 3 potions of heal wounds for 105 gold pieces
   201 | D        | Noticed a water moccasin
   208 | D        | Killed a water moccasin
   208 | D        | Reached skill level 6 in Fighting
   208 | D        | Reached XP level 4. HP: 37/52 MP: 3/3
   226 | D        | Acquired Trog's third power
   226 | D        | Reached skill level 7 in Maces & Flails
   226 | D        | Reached XP level 5. HP: 34/61 MP: 4/4
   229 | D        | Arena points: 44 (+30) [x3]
   244 | D        | Round 3.
   246 | D        | Noticed a deep elf mage
   250 | D        | Noticed an ice beast
   253 | D        | Noticed an ice beast
   253 | D        | Killed a deep elf mage
   253 | D        | Reached skill level 8 in Maces & Flails
   253 | D        | Reached XP level 6. HP: 46/72 MP: 5/5
   256 | D        | Bought a vibrating lapis lazuli ring for 45 gold pieces
   256 | D        | Bought a heavily runed silver ring for 45 gold pieces
   256 | D        | Identified the ring "Wusuthas" {rF++ rN+ Str-5 Int+2 SInv} (You bought it in a shop in the Dungeon)
   257 | D        | Identified the ring "Jorilog" {rF+ rN+ Int+3} (You bought it in a shop in the Dungeon)
   290 | D        | Noticed a deep elf priest
   297 | D        | Killed a deep elf priest
   297 | D        | Reached skill level 9 in Fighting
   297 | D        | Reached skill level 10 in Maces & Flails
   297 | D        | Reached XP level 7. HP: 69/83 MP: 6/6
   310 | D        | Noticed a deep elf fighter
   318 | D        | Killed a deep elf fighter
   377 | D        | Noticed a hornet
   383 | D        | Paralysed by a hornet for 2 turns
   386 | D        | Paralysed by a hornet for 3 turns
   387 | D        | Slain by a hornet (shapeshifter)

Vault maps used:
D:        arena_sprint

Action                   |  1- 3 |  4- 6 |  7- 9 || total
-------------------------+-------+-------+-------++-------
Melee: Giant spiked club |    26 |    19 |     7 ||    52
Evoke: Wand              |     3 |       |     1 ||     4
  Use: Potion            |       |     1 |     1 ||     2
  Eat: Chunk             |     3 |     1 |       ||     4
